 Dungeon Crawl Stone Soup version 0.31-a0-1540-g5a0b83f448 (webtiles) character file.

Game seed: 7337042017918321442

632 wildpjah the Cutter (level 7, -2/44 HPs)
             Began as a Kobold Chaos Knight on Jan 2, 2024.
             Was a Plaything of Xom.
             Slain by an ogre
             ... wielding a +0 giant spiked club
              (22 damage)
             ... on level 5 of the Dungeon.
             The game lasted 00:09:56 (3403 turns).

wildpjah the Cutter (Kobold Chaos Knight)           Turns: 3403, Time: 00:09:57

Health: -2/44      AC:  9    Str:  9    XL:     7   Next: 78%
Magic:  7/7        EV: 15    Int: 15    God:    Xom [....*.]
Gold:   246        SH:  0    Dex: 17    Spells: 6/6 levels left

rFire   . . .        a - +0 short sword (chaos)
rCold   . . .        (no shield)
rNeg    . . .        A - +5 leather armour of Mocsiomm {Int+2 SInv}
rPois   .            (no helmet)
rElec   .            (no cloak)
rCorr   .            (no gloves)
SInv    +            n - +0 pair of boots
Will    .....        (no amulet)
Stlth   ++++         (no ring)
HPRegen 0.27/turn    (no ring)
MPRegen 0.10/turn

%: no passive effects
@: no status effects
A: small, no large weapons, nightstalker 3
a: Renounce Religion


You were on level 5 of the Dungeon.
You worshipped Xom.
You were a beloved toy of Xom.
You visited 1 branch of the dungeon, and saw 5 of its levels.

You collected 246 gold pieces.

Inventory:

Hand Weapons
 a - a +0 short sword of chaos (weapon)
 m - a +3 short sword of holy wrath
 q - a +2 dagger of venom
 r - a +4 dagger
 x - a +0 long sword
 y - a +2 rapier of venom
 z - the +6 dagger of the Desert {heavy, rPois}
   (You took it off an orc wizard on level 4 of the Dungeon)

   rPois:     It protects you from poison
Missiles
 s - 6 poisoned darts
Armour
 b - a +2 leather armour
 n - a +0 pair of boots (worn)
 A - the +5 leather armour of Mocsiomm (worn) {Int+2 SInv}
   (You took it off an orc wizard on level 4 of the Dungeon)

   Int+2:     It affects your intelligence (+2).
   SInv:      It lets you see invisible.
Jewellery
 h - a ring of fire
Talismans
 j - a talisman of death
Wands
 k - a wand of paralysis (5) (quivered)
 v - a wand of flame (27)
Scrolls
 c - a scroll of butterflies
 e - a scroll of noise {unknown}
 g - 2 scrolls of poison {unknown}
 l - 2 scrolls of immolation {unknown}
 o - 5 scrolls of identify {unknown}
 p - a scroll of teleportation {unknown}
 t - a scroll of blinking {unknown}
 w - a scroll of vulnerability {unknown}
 C - 3 scrolls of brand weapon {unknown}
Potions
 d - 2 potions of curing {unknown}
 f - 5 potions of resistance {unknown}
 i - 2 potions of heal wounds {unknown}
 u - a potion of enlightenment {unknown}
 B - 3 potions of magic {unknown}


   Skills:
 + Level 4.3 Fighting
 + Level 6.6 Short Blades
 + Level 1.9 Armour
 + Level 3.6 Dodging
 + Level 5.4 Stealth
 * Level 2.7 Shapeshifting


You had 6 spell levels left.
You didn't know any spells.
Your spell library was empty.

Dungeon Overview and Level Annotations

Branches:
Dungeon (5/15)
 Temple: D:4-7

Altars:
Qazlal


Innate Abilities, Weirdness & Mutations

You are small and have problems with some larger weapons.
You are completely attuned to the shadows.


Message History

You barely miss the ogre. You hit the ogre. You burn the ogre.
The ogre is lightly wounded.
You completely miss the ogre.
The ogre is lightly wounded.
The ogre misses you.
You hit the ogre. You burn the ogre.
The ogre is heavily wounded.
You hit the ogre.
The ogre is poisoned.
The ogre is heavily wounded.
The ogre closely misses you.
You hit the ogre. You freeze the ogre.
The ogre is severely wounded.
You hit the ogre but do no damage.
The ogre is severely wounded.
The ogre closely misses you.
You hit the ogre but do no damage.
The ogre seems to grow stronger.
The ogre is severely wounded.
An ogre comes into view. It is wielding a +0 giant spiked club.
You completely miss the ogre.
The ogre is severely wounded.
The ogre barely misses you.
You barely miss the ogre.
The ogre is severely wounded.
You barely miss the ogre.
The ogre is severely wounded.
The ogre hits you with a +0 giant spiked club!!
Ouch! That really hurt!
You hit the ogre. You freeze the ogre.
The ogre is almost dead.
Xom's power touches on a nearby monster.
You are now a beloved toy of Xom.
You hit the ogre. You freeze the ogre.
The ogre is almost dead.
You hit the ogre.
Nothing appears to happen.
The ogre is almost dead.
The ogre hits you with a +0 giant spiked club!!
Ouch! That really hurt!
You die...
Xom howls with laughter!

##.#.#
.>...#
#...#
#...#
.####O.<#
...O@..>#
.####..##
#..# #..#
#..#


You could see 2 ogres.

Vanquished Creatures
  A basilisk (D:3)
  A scorpion (D:4)
  A bombardier beetle (D:4)
  A hound (D:4)
  An orc priest (D:3)
  Crazy Yiuf (D:2)
  An orc wizard (D:4)
  Robin (D:2)
  10 gnolls
  2 adders
  5 dart slugs
  A ribbon worm (D:4)
  18 orcs
  6 ball pythons
  11 endoplasms
  2 giant cockroaches (D:4)
  12 hobgoblins
  5 quokkas
  6 bats
  4 frilled lizards
  13 goblins
  7 kobolds
  8 rats
118 creatures vanquished.

Vanquished Creatures (others)
  An orc wizard (D:3)
1 creature vanquished.

Grand Total: 119 creatures vanquished

Notes
Turn   | Place    | Note
-------+----------+-------------------------------------------
     0 | D:1      | wildpjah the Kobold Chaos Knight began the quest for the
                  | Orb.
     0 | D:1      | Reached XP level 1. HP: 14/14 MP: 1/1
    73 | D:1      | XOM: potion effect (heal wounds)
    87 | D:1      | Reached skill level 1 in Stealth
    87 | D:1      | Reached XP level 2. HP: 19/19 MP: 2/2
   198 | D:1      | XOM: silly message
   223 | D:1      | Found a faded altar of an unknown god.
   332 | D:1      | XOM: silly message
   517 | D:1      | XOM: silly message
   580 | D:1      | Reached XP level 3. HP: 24/24 MP: 3/3
   674 | D:2      | XOM: silly message
   698 | D:2      | XOM: silly message
   727 | D:2      | Noticed Robin
   751 | D:2      | XOM: polymorph goblin -> hobgoblin
   807 | D:2      | Killed Robin
   813 | D:2      | Reached XP level 4. HP: 19/29 MP: 4/4
   922 | D:2      | Found a runed translucent door.
   925 | D:2      | Noticed Crazy Yiuf
   931 | D:2      | Killed Crazy Yiuf
   932 | D:2      | Reached skill level 5 in Short Blades
   932 | D:2      | Reached skill level 1 in Armour
   932 | D:2      | Reached skill level 1 in Shapeshifting
  1334 | D:3      | Reached XP level 5. HP: 33/33 MP: 5/5
  1386 | D:3      | XOM: enchant monster (bad)
  1389 | D:3      | XOM: smoke on damage
  1393 | D:3      | XOM: enchant monster (bad)
  1623 | D:3      | Noticed Sigmund
  1628 | D:3      | Sigmund changed into Sigmund the basilisk
  1628 | D:3      | Noticed Sigmund
  1628 | D:3      | XOM: polymorph Sigmund -> Sigmund the basilisk
  1630 | D:3      | Killed Sigmund the basilisk
  1631 | D:3      | Reached skill level 6 in Short Blades
  1631 | D:3      | Reached XP level 6. HP: 23/38 MP: 6/6
  1937 | D:3      | XOM: swap monsters
  1954 | D:3      | Reached XP level 7. HP: 26/43 MP: 7/7
  2529 | D:4      | XOM: scenery: 1 doors open
  2624 | D:4      | Reached skill level 5 in Stealth
  2655 | D:4      | XOM: noise
  2665 | D:4      | XOM: chaos upgrade
  2796 | D:4      | XOM: 3-stop teleportation journey
  2922 | D:4      | Identified the +6 dagger of the Desert {heavy, rPois}
  2922 | D:4      | Identified the +5 leather armour of Mocsiomm {Int+2 SInv}
  3277 | D:4      | Found a stormy altar of Qazlal.
  3386 | D:5      | XOM: noise
  3386 | D:5      | Entered Level 5 of the Dungeon
  3401 | D:5      | XOM: enchant monster (bad)
  3403 | D:5      | Slain by an ogre

Illustrated notes

Levels and vault maps discovered:
D:1:      dpeg_arrival_tiny_c, layout_rooms, chequers_ecumenical_altar_simple,
          serial_bayou_pond_a, minmay_misc_feat_nine_boxes
D:2:      layout_rooms, grunt_ministairs_4, uniq_crazy_yiuf_cottage, uniq_robin
D:3:      layout_loops_cross, hangedman_decor_opposing,
          minmay_randomly_rotated_circles, uniq_sigmund
D:4:      layout_loops_ring, general_overflow_altar
D:5:      layout_loops_ring, mainiacjoe_overflow_paths,
          lemuel_mausoleum_altar_kikubaaqudgha, minmay_temple_entry_grid,
          uniq_grinder

Skill      XL: |  1  2  3  4  5  6  7 |
---------------+----------------------+-----
Stealth        | 1 2 3 4 5 |  5.4
Short Blades   | 5 6 |  6.6
Armour         | 1 |  1.9
Shapeshifting  | 1 2 |  2.7
Fighting       | 4 |  4.3
Dodging        | 3 |  3.6

Action                     |  1- 3 |  4- 6 |  7- 9 || total
---------------------------+-------+-------+-------++-------
  Melee: Short sword       |    89 |   163 |   163 ||   415
         Punch             |       |     3 |     5 ||     8
  Evoke: Wand              |       |     1 |     1 ||     2
   Stab: Sleeping          |     7 |     9 |     8 ||    24
         Distracted        |     1 |       |     1 ||     2
         Confused          |       |     1 |     2 ||     3
         Paralysed         |       |     1 |     2 ||     3
 Armour: Leather armour    |    31 |    45 |    41 ||   117
  Dodge: Dodged            |    55 |    71 |    53 ||   179

Table legend: (Time is in decaauts)
 A = Elapsed time spent in this place.
 B = Non-inter-level travel time spent in this place.
 C = Inter-level travel time spent in this place.
 D = Time resting spent in this place.
 E = Time spent auto-exploring this place.
 F = Levels seen in this place.
 G = Mean time per level.
                   A        B        C        D        E       F      G
               +--------+--------+--------+--------+--------+-----+--------+
         Total |   3285 |   3229 |     56 |      0 |   2479 |   5 |  657.0 |
       Dungeon |   3285 |   3229 |     56 |      0 |   2479 |   5 |  657.0 |
               +--------+--------+--------+--------+--------+-----+--------+

Top non-repeatable levels by time:
     D:3: 1045 daAuts
     D:4: 958 daAuts
     D:2: 640 daAuts
     D:1: 628 daAuts
     D:5: 12 daAuts
